 Dungeon Crawl Stone Soup version 0.28.0 (webtiles) character file.

Game seed: 16236943455631080446

251 Ayyar the Skirmisher (level 6, 0/46 (49) HPs)
             Began as a Formicid Abyssal Knight on Apr 14, 2022.
             Was a Believer of Lugonu.
             Slain by a wight (2 damage)
             ... on level 4 of the Dungeon.
             The game lasted 00:08:33 (3507 turns).

Ayyar the Skirmisher (Formicid Abyssal Knight)      Turns: 3507, Time: 00:08:33

HP:   0/46 (49)     AC:  6    Str: 19    XL:     6   Next: 36%
MP:   8/8           EV: 11    Int: 10    God:    Lugonu [**....]
Gold: 181           SH:  0    Dex: 11    Spells: 5/5 levels left

rFire   . . .      SeeInvis +   a - +1 spear
rCold   . . .      Faith    .   (no shield)
rNeg    . . .      Spirit   .   n - +0 ring mail
rPois   .          Reflect  .   (helmet unavailable)
rElec   .          Harm     .   (no cloak)
rCorr   .          Rampage  .   (no gloves)
Will    .....                   e - +0 pair of boots
Stlth   +.........              j - amulet of the acrobat
HPRegen 0.15/turn               (no ring)
MPRegen 0.11/turn               (no ring)

@: drained
A: permanent stasis, dig shafts and tunnels, antennae 3, four strong arms
a: Dig, Shaft Self, Renounce Religion, Depart the Abyss, Bend Space


You were on level 4 of the Dungeon.
You worshipped Lugonu.
Lugonu was pleased with you.
You visited 1 branch of the dungeon, and saw 4 of its levels.
You visited the Abyss 1 time.

You collected 181 gold pieces.

Inventory:

Hand Weapons
 a - a +1 spear (weapon)
Missiles
 b - 2 javelins
 o - 9 poisoned darts (quivered)
 s - 2 boomerangs
Armour
 e - a +0 pair of boots (worn)
 n - a +0 ring mail (worn)
Jewellery
 c - an amulet of magic regeneration
 j - an amulet of the acrobat (around neck)
Scrolls
 d - a scroll of amnesia {unknown}
 g - a scroll of torment {unknown}
 i - a scroll of silence {unknown}
 m - 3 scrolls of identify {unknown}
 r - 2 scrolls of immolation {unknown}
Potions
 f - 2 potions of mutation {unknown}
 k - a potion of might {unknown}
 l - a potion of magic {unknown}
 p - a potion of attraction {unknown}
 q - a potion of resistance {unknown}


   Skills:
 + Level 4.3 Fighting
 + Level 3.2 Polearms
 + Level 3.5 Armour
 + Level 2.4 Dodging
 + Level 3.9 Invocations


You had 5 spell levels left.
You didn't know any spells.
Your spell library contained the following spells:

 Spells                   Type           Power      Damage    Failure   Level
 Call Canine Familiar     Summ           0%         N/A       88%         3
 Portal Projectile        Hex/Tloc       0%         N/A       88%         3
 Leda's Liquefaction      Hex/Erth       0%         N/A       99%         4


Dungeon Overview and Level Annotations

Branches:
Dungeon (4/15)
 Temple: D:4-7

Altars:
Ashenzari
Hepliaklqana
Okawaru
Sif Muna
Trog
Yredelemnul


Innate Abilities, Weirdness & Mutations

You cannot be hasted, slowed, berserked, paralysed or teleported.
You can dig through walls and to a lower floor.
You have a pair of large antennae on your head. (SInv)
Your four strong arms can wield two-handed weapons with a shield.


Message History

You closely miss the wight.
The wight is almost destroyed.
The wight closely misses you.
You barely miss the wight.
The wight is almost destroyed.
The wight hits you with a +3 scimitar!
You feel drained.
* * * LOW HITPOINT WARNING * * *
You hit the wight.
You destroy the wight!
Lugonu accepts your kill.
Your life force feels restored.
You puncture the wight!
The wight is heavily damaged.
The wight hits you with a +0 morningstar!
* * * LOW HITPOINT WARNING * * *
You hit the wight.
The wight is severely damaged.
The wight completely misses you.
You feel much better.
The wight hits you with a +0 morningstar.
You feel drained.
You closely miss the wight.
The wight is severely damaged.
The wight misses you.
You closely miss the wight.
The wight is severely damaged.
The wight hits you with a +0 morningstar!
* * * LOW HITPOINT WARNING * * *
You hit the wight.
The wight is almost destroyed.
The wight barely misses you.
You completely miss the wight.
The wight is almost destroyed.
The wight barely misses you.
You hit the wight.
The wight is almost destroyed.
The wight hits you with a +0 morningstar.
* * * LOW HITPOINT WARNING * * *
You feel drained.
You die...

#.........
#......... #
#......... ##
......... .#
#..!..... .
#).......
#)##.#### { #
#z#..# ###
.###. #@#.# #..
.....#####†..#
... #.
#........## ..#
#.# #.#......#
..#
#.###.##.#####
..# #.##.. #.#
#(## #.##.###.#
...###.##.##>.#
{
.#..##.##.#..##


You could see a wight.

Vanquished Creatures
  A wight (D:4)
  A hound (D:4)
  A centaur skeleton (D:4)
  2 orc wizards
  2 adders
  An adder zombie (D:3)
  3 worms (D:3)
  8 orcs
  9 ball pythons
  3 bats
  11 endoplasms
  6 goblins
  4 hobgoblins
  A kobold (D:4)
  3 quokkas
  A ball python zombie (D:3)
  3 frilled lizards
  5 rats
65 creatures vanquished.

Notes
Turn   | Place    | Note
-------+----------+-------------------------------------------
     0 | Abyss:1  | Ayyar the Formicid Abyssal Knight began the quest for the
                  | Orb.
     0 | Abyss:1  | Reached XP level 1. HP: 18/18 MP: 2/2
    45 | Abyss:1  | Noticed a smoke demon
    47 | D:1      | Escaped the Abyss
   170 | D:1      | Reached skill level 1 in Dodging
   317 | D:1      | Reached XP level 2. HP: 24/24 MP: 3/3
   466 | D:1      | Found a faded altar of an unknown god.
  1100 | D:1      | Reached * piety under Lugonu
  1400 | D:2      | Reached XP level 3. HP: 24/29 MP: 4/4
  1491 | D:2      | Found a broken altar of Ashenzari.
  2164 | D:3      | Reached XP level 4. HP: 36/37 MP: 6/6
  2481 | D:3      | Reached XP level 5. HP: 33/42 MP: 7/7
  2631 | D:3      | Found a shimmering blue altar of Sif Muna.
  2631 | D:3      | Found an iron altar of Okawaru.
  2632 | D:3      | Found a hazy altar of Hepliaklqana.
  2906 | D:3      | Found a basalt altar of Yredelemnul.
  2970 | D:4      | Reached ** piety under Lugonu
  2995 | D:4      | Reached skill level 4 in Fighting
  3108 | D:4      | Reached XP level 6. HP: 27/48 MP: 8/8
  3260 | D:4      | Found a bloodstained altar of Trog.
  3500 | D:4      | HP: 2/49 [wight (13)]
  3507 | D:4      | HP: 2/48 [wight (4)]
  3507 | D:4      | Slain by a wight

Illustrated notes

Levels and vault maps discovered:
D:1:      dpeg_arrival_tiny_i, layout_loops_corners,
          dreamdust_ecumenical_altar_hidden_monk_grotto
D:2:      layout_basic, basic_altar, guppyfry_early_lair_pool
D:3:      layout_rooms, gammafunk_temple_overflow_claw,
          lemuel_zombie_altar_yredelemnul
D:4:      layout_rooms, amcnicky_altar_gilded, serial_shops, kennysheep_mini,
          uniq_duvessa

Skill      XL: |  1  2  3  4  5 |
---------------+----------------+-----
Dodging        | 1 2 |  2.4
Invocations    | 3 |  3.9
Armour         | 3 |  3.5
Fighting       | 4 |  4.3
Polearms       | 3 |  3.2

Action                   |  1- 3 |  4- 6 || total
-------------------------+-------+-------++-------
Melee: Spear             |   107 |   161 ||   268
       Punch             |     1 |     3 ||     4
Throw: Dart              |       |     3 ||     3
Invok: Depart the Abyss  |     1 |       ||     1
  Use: Potion            |       |     2 ||     2
Armor: Leather armour    |    31 |       ||    31
       Ring mail         |     4 |    46 ||    50
Dodge: Dodged            |    46 |    82 ||   128
